 Dungeon Crawl Stone Soup version 0.28-a0-1184-g53156a8862 (webtiles) character file.

Game seed: 321342196699201593

249 snetch the Chopper (level 5, -6/47 HPs)
             Began as a Minotaur Berserker on Dec 17, 2021.
             Was a Believer of Trog.
             Mangled by a gnoll (7 damage)
             ... on level 3 of the Dungeon.
             The game lasted 00:05:39 (2933 turns).

snetch the Chopper (Minotaur Berserker)             Turns: 2933, Time: 00:05:40

Health: -6/47      AC: 13    Str: 22 (24) XL:     5   Next: 87%
Magic:  4/4        EV:  7    Int:  3 (4)  God:    Trog [**....]
Gold:   182        SH:  0    Dex:  8 (9)  Spells: 4/4 levels left

rFire   . . .      SeeInvis .   a - +0 hand axe
rCold   . . .      Faith    .   (no shield)
rNeg    + . .      Spirit   .   k - +0 plate armour
rPois   .          Reflect  .   (helmet restricted)
rElec   .          Harm     .   (no cloak)
rCorr   .          Rampage  .   j - +0 pair of gloves
Will    .....                   g - +0 pair of boots
Stlth   ..........              (no amulet)
HPRegen 0.15/turn               t - ring of positive energy
MPRegen 0.09/turn               (no ring)

@: lethally poisoned (-6 -> -24), on berserk cooldown, slowed, very slow
A: horns 2, retaliatory headbutt
a: Renounce Religion, Berserk, Trog's Hand


You were on level 3 of the Dungeon.
You worshipped Trog.
Trog was pleased with you.
You visited 1 branch of the dungeon, and saw 4 of its levels.

You collected 182 gold pieces.

Inventory:

Hand Weapons
 a - a +0 hand axe (weapon)
 m - a +4 quarterstaff of chaos
 o - a +1 mace of protection
Missiles
 f - 83 stones
 r - 2 boomerangs
 s - 13 poisoned darts (quivered)
Armour
 g - a +0 pair of boots (worn)
 j - a +0 pair of gloves (worn)
 k - a +0 plate armour (worn)
 n - a +0 cloak
Jewellery
 t - a ring of positive energy (left hand)
Scrolls
 b - a scroll of enchant weapon {unknown}
 c - a scroll of magic mapping {unknown}
 e - 2 scrolls of identify {unknown}
 h - a scroll of vulnerability {unknown}
 p - a scroll of amnesia {unknown}
Potions
 l - a potion of mutation {unknown}
 q - a potion of invisibility {unknown}


   Skills:
 + Level 4.8 Fighting
 + Level 6.0 Axes
 + Level 1.3 Staves
 + Level 0.9 Throwing
 + Level 3.0 Armour
 + Level 3.1 Dodging
 + Level 0.5 Stealth


You had 4 spell levels left.
You didn't know any spells.
Your spell library contained the following spells:

 Spells                   Type           Power      Damage    Failure   Level
 Slow                     Hex            0%         N/A       100%        1
 Confusing Touch          Hex            0%         N/A       100%        3
 Vampiric Draining        Necr           0%         2d6       100%        3


Dungeon Overview and Level Annotations

Branches:
Dungeon (4/15)
 Temple: D:4-7

Altars:
Ashenzari

Shops:
D:3 =

Annotations:
D:3 1 transporter, Fractals's ghost, amateur KoEn


Innate Abilities, Weirdness & Mutations

You have a pair of horns on your head.
You reflexively headbutt those who attack you in melee.


Message History

Trog accepts your kill.
You hit the gnoll.
You kill the gnoll!
Trog accepts your kill.
The gnoll throws a throwing net.
The throwing net hits you.
You become entangled in the net!
The gnoll hits you but does no damage.
You tear a large gash into the net.
The gnoll hits you but does no damage.
You struggle against the net.
The gnoll hits you but does no damage. x2
You rip the net and break free!
The gnoll hits you but does no damage.
Okay, then.
The gnoll hits you with a +2 spear of pain.
* * * LOW HITPOINT WARNING * * *
The gnoll hits you but does no damage.
There is an open translucent door here.
You see here a +0 whip.
It was a potion of curing.
You feel better.
Fractals's ghost hits you but does no damage.
You are poisoned.
The gnoll hits you with a +2 spear of pain.
* * * LOW HITPOINT WARNING * * *
You completely miss the gnoll. Your headbutt misses the gnoll.
The gnoll is lightly wounded.
You hit Fractals's ghost but do no damage.
* * * LOW HITPOINT WARNING * * *
You feel very sick.
Fractals's ghost hits you but does no damage.
The gnoll hits you with a +2 spear of pain.
* * * LOW HITPOINT WARNING * * *
Fractals's ghost hits you but does no damage.
You are more poisoned.
The gnoll hits you but does no damage.
It was a potion of degeneration.
There was something very wrong with that liquid.
You feel weakened.
You feel dopey.
You feel clumsy.
* * * LOW HITPOINT WARNING * * *
You feel very sick.
Fractals's ghost hits you but does no damage.
You are more poisoned.
The gnoll hits you with a +2 spear of pain!
You die...

#..≈≈##.###.###.##≈≈..#
#..≈≈#...........#≈≈..#
#..≈≈###.##'##.###≈≈..#
###..≈≈..#.#$$$#.#..≈≈..#
######....≈≈.##.#...#.##.≈≈..#
.......##.≈≈.#..#=:W#.g#.≈≈..#
.########.≈≈.##.#####.##.≈≈..#
.# #.≈≈..#W#8⌠8#.#......#
#########.≈≈.©#)@g©.'.#©.....#
..........≈≈..#.#...#.#[.....#
#########.≈≈.##.##.##.##.≈≈..#
### ##.≈≈.#©.#...#.g#.≈≈..#
..### ##..≈≈.##.'...'.##.≈≈..#
....# #...≈≈..#.#.$.#.#..≈≈..#
....# #...≈≈###.##'##.###≈≈..#
....# #...≈≈#...........#≈≈..#
....###...≈≈##.###g###.##≈≈..#


You could see Fractals's ghost and a gnoll (agile).

Vanquished Creatures
  A scorpion (D:4)
  Crazy Yiuf (D:3)
  A bullfrog skeleton (D:3)
  3 gnolls (D:3)
  4 adders
  2 worms (D:2)
  A dart slug (D:2)
  An orc (D:2)
  4 ball pythons
  6 endoplasms
  3 giant cockroaches
  4 goblins
  5 hobgoblins
  7 kobolds
  2 quokkas (D:1)
  5 bats
  2 frilled lizards
  7 rats
59 creatures vanquished.

Vanquished Creatures (others)
  2 fungi (D:3)
  10 plants (D:3)
12 creatures vanquished.

Grand Total: 71 creatures vanquished

Notes
Turn   | Place    | Note
-------+----------+-------------------------------------------
     0 | D:1      | snetch the Minotaur Berserker began the quest for the Orb.
     0 | D:1      | Reached XP level 1. HP: 19/19 MP: 0/0
   136 | D:1      | Reached skill level 4 in Axes
   299 | D:1      | Reached XP level 2. HP: 22/27 MP: 1/1
   856 | D:1      | Reached XP level 3. HP: 30/33 MP: 2/2
  1514 | D:2      | Reached XP level 4. HP: 40/40 MP: 3/3
  1558 | D:3      | Found Ticod's Jewellery Emporium.
  1669 | D:2      | Reached skill level 5 in Axes
  1896 | D:2      | Reached ** piety under Trog
  2121 | D:3      | Found a runed translucent door.
  2122 | D:3      | Noticed Crazy Yiuf
  2131 | D:3      | Killed Crazy Yiuf
  2218 | D:3      | Found a transporter.
  2234 | D:3      | Noticed Fractals's ghost (amateur KoEn)
  2288 | D:3      | Found a transporter.
  2390 | D:3      | Found a faded altar of an unknown god.
  2476 | D:3      | Reached XP level 5. HP: 44/47 MP: 4/4
  2495 | D:3      | Found a broken altar of Ashenzari.
  2806 | D:4      | Reached skill level 6 in Axes
  2917 | D:3      | Reached skill level 1 in Staves
  2933 | D:3      | HP: 1/47 [poisoned by Fractals's ghost]
  2933 | D:3      | Mangled by a gnoll

Illustrated notes

Levels and vault maps discovered:
D:1:      dpeg_arrival_rooms_with_view, layout_rooms,
          wander_ebering_terrifying_dragon_lair
D:2:      layout_basic, minmay_misc_feat_more_columns
D:3:      layout_rooms, nicolae_ashenzari_panopticon, serial_shops,
          nicolae_shop_hallway_stairs, gammafunk_ghost_gnarly_gnolls,
          shapermc_ecumenical_altar_petra, uniq_crazy_yiuf_cottage
D:4:      gammafunk_wand_slinger, layout_loops_ring, gammafunk_ghost_grave,
          serial_bayou_pond_d

Skill      XL: |  1  2  3  4  5 |
---------------+----------------+-----
Axes           | 4 5 6 |  6.0
Fighting       | 4 |  4.8
Dodging        | 3 |  3.1
Armour         | 3 |  3.0
Staves         | 1 |  1.3
Throwing       | |  0.9
Stealth        | |  0.5

Action                   |  1- 3 |  4- 6 || total
-------------------------+-------+-------++-------
Melee: Hand axe          |    62 |    34 ||    96
       Headbutt          |     5 |     4 ||     9
       Quarterstaff      |       |    14 ||    14
Throw: Dart              |       |     1 ||     1
Invok: Berserk           |     1 |     2 ||     3
  Use: Potion            |       |     2 ||     2
Armor: Animal skin       |    13 |       ||    13
       Plate armour      |       |    49 ||    49
Dodge: Dodged            |    48 |    16 ||    64

Table legend: (Time is in decaauts)
 A = Elapsed time spent in this place.
 B = Non-inter-level travel time spent in this place.
 C = Inter-level travel time spent in this place.
 D = Time resting spent in this place.
 E = Time spent auto-exploring this place.
 F = Levels seen in this place.
 G = Mean time per level.
                   A        B        C        D        E       F      G
               +--------+--------+--------+--------+--------+-----+--------+
         Total |   2967 |   2875 |     92 |    139 |   2110 |   4 |  741.8 |
       Dungeon |   2967 |   2875 |     92 |    139 |   2110 |   4 |  741.8 |
               +--------+--------+--------+--------+--------+-----+--------+

Top non-repeatable levels by time:
     D:1: 1037 daAuts
     D:2: 1002 daAuts
     D:3: 861 daAuts
     D:4: 66 daAuts
